 Dungeon Crawl Stone Soup version 0.28-a0-938-gbc3f381ebc (webtiles) character file.

Game seed: 3804107412056969006

5294 ytrimaz the Protected (level 10, -15/80 HPs)
             Began as a Demonspawn Fighter on Nov 30, 2021.
             Was a Priest of Okawaru.
             Demolished by an orc warrior (17 damage)
             ... on level 9 of the Dungeon.
             The game lasted 00:12:38 (10619 turns).

ytrimaz the Protected (Demonspawn Fighter)         Turns: 10619, Time: 00:12:38

Health: -15/80     AC: 10    Str: 20    XL:     10   Next: 37%
Magic:  0/13       EV:  9    Int:  9    God:    Okawaru [***...]
Gold:   410        SH:  0    Dex: 13    Spells: 9/9 levels left

rFire   . . .      SeeInvis +   a - +0 war axe (vorpal)
rCold   . . .      Faith    .   c - +0 buckler
rNeg    . . .      Spirit   +   b - +1 scale mail
rPois   .          Reflect  .   m - +0 helmet
rElec   .          Harm     .   (no cloak)
rCorr   .          Rampage  .   (no gloves)
Will    .....                   (boots unavailable)
Stlth   ..........              (no amulet)
HPRegen 0.23/turn               r - ring of see invisible
MPRegen 0.26/turn               (no ring)

@: confused
A: hooves 3, ignite blood 2, magic shield, magic regeneration
a: Renounce Religion, Heroism


You were on level 9 of the Dungeon.
You worshipped Okawaru.
Okawaru was most pleased with you.
You visited 2 branches of the dungeon, and saw 10 of its levels.
You also visited: Sewer.

You collected 422 gold pieces.
You spent 12 gold pieces at shops.

Inventory:

Hand Weapons
 a - a +0 vorpal war axe (weapon)
Missiles
 e - 8 boomerangs
 i - 69 poisoned darts (quivered)
 t - a throwing net
Armour
 b - a +1 scale mail (worn)
 c - a +0 buckler (worn)
 m - a +0 helmet (worn)
Jewellery
 h - a ring of wizardry
 j - a ring of fire
 r - a ring of see invisible (left hand)
Wands
 n - a wand of polymorph (13)
 s - a wand of acid (7)
 y - a wand of iceblast (10)
 E - a wand of digging (5)
 F - a wand of flame (27)
Scrolls
 f - a scroll of enchant armour
 l - 3 scrolls of teleportation
 p - a scroll of brand weapon
 u - a scroll of magic mapping
 v - a scroll of amnesia
 x - 2 scrolls of vulnerability
 z - 2 scrolls of fog
 C - a scroll of silence
 D - a scroll of immolation
Potions
 d - 3 potions of might
 g - 3 potions of brilliance {unknown}
 k - a potion of ambrosia
 o - 2 potions of invisibility {unknown}
 q - a potion of resistance
 w - 2 potions of magic {unknown}
 A - a potion of lignification {unknown}
 B - a potion of flight {unknown}


   Skills:
 * Level 8.0 Fighting
 + Level 8.1 Axes
 - Level 1.4 Throwing
 * Level 9.0 Armour
 - Level 4.0 Shields
 * Level 4.2 Invocations


You had 9 spell levels left.
You didn't know any spells.
Your spell library contained the following spells:

 Spells                   Type           Power      Damage    Failure   Level
 Frozen Ramparts          Ice            0%         1d2       96%         3
 Gell's Gravitas          Tloc           0%         N/A       96%         3
 Stone Arrow              Conj/Erth      0%         3d7       96%         3
 Teleport Other           Tloc           0%         N/A       96%         3
 Ice Form                 Ice/Tmut       0%         N/A       100%        4
 Dispersal                Tloc           0%         N/A       100%        6
 Lehudib's Crystal Spear  Conj/Erth      0%         10d2      100%        8
 Animate Armour           Summ/Erth      Unusable   N/A       N/A         4
 Summon Ice Beast         Ice/Summ       Unusable   N/A       N/A         4

Dungeon Overview and Level Annotations

Branches:
Dungeon (9/15)             Temple (1/1) D:6           Sewer (visited)
   Lair: D:8-11         Orc: D:9-12

Altars:
Ashenzari
Dithmenos
Elyvilon
Gozag
Hepliaklqana
Kikubaaqudgha
Makhleb
Nemelex Xobeh
Okawaru
Qazlal
Ru
Sif Muna
Trog
Uskayaw
Vehumet
Wu Jian
Xom
Yredelemnul
Zin
The Shining One

Shops:
D:2 !


Innate Abilities, Weirdness & Mutations

You have hooves in place of feet.
Your demonic aura often causes spilled blood to erupt in flames.
When hurt, damage is shared between your health and your magic reserves.
You regenerate magic rapidly.


Message History

You miss the orc wizard. You hit the orc wizard.
You closely miss the orc wizard. You completely miss the orc.
You hit the orc warrior but do no damage.
The orc wizard closely misses you. The orc closely misses you.
The orc warrior hits you with a +3 morningstar!
* * * LOW HITPOINT WARNING * * *
The orc wizard barely misses you.
The orc wizard hits you but does no damage.
Unknown command.
You feel less confused.
The orc wizard is engulfed in blazing flames.
The orc wizard points at you and mumbles some strange words.
The puff of flame hits you but does no damage.
The orc wizard casts a spell at you.
You are confused.
The orc wizard points at you and mumbles some strange words.
The magic dart hits you.
* * * LOW HITPOINT WARNING * * *
Unknown command.
Unknown command.
Okay, then.
The orc closely misses you.
The orc wizard is engulfed in blazing flames.
You kill the orc wizard!
Okawaru accepts your kill.
Your Armour skill increases to level 9!
Unknown command.
Unknown command.
Okay, then.
You barely miss the orc wizard.
You kick the orc wizard, but do no damage.
You miss the orc wizard. You hit the orc.
You kill the orc!
You miss the orc warrior.
The orc warrior hits you but does no damage.
The orc wizard hits you but does no damage.
Unknown command.
Okay, then.
The orc warrior hits you with a +3 morningstar!!
You die...

#########################
.........................
.....##......#######..)..
..#......................
.................).....<.
##...#########..@o.......
#.#.# #..ooo....##
#...#+## #...)○......
##.....# ##..........
#.##..# #..........
+.....# #..........
#.....# #..........
#..<..#### #........##
#.###....# #...##...#


You could see an orc warrior, 2 orc wizards and an orc.

Vanquished Creatures
  A two-headed ogre (D:8)
  Psyche (D:8)
  Prince Ribbit (D:7)
  2 vampires
  2 wyverns
  Grum (D:8)
  A steam dragon (D:7)
  4 vampire mosquitoes (D:7)
  A water moccasin (D:3)
  An ice beast (D:8)
  Pargi (Sewer)
  A sky beast (D:6)
  A black bear (D:4)
  A hornet zombie (D:8)
  2 wolves (D:8)
  An ogre (D:5)
  2 centaurs (D:5)
  A phantom (D:4)
  2 kobold brigands (D:7)
  Blork the orc (D:5)
  A bullfrog (D:7)
  2 scorpions
  A water moccasin zombie (D:5)
  A wyvern skeleton (D:7)
  5 howler monkeys (D:8)
  3 centaur zombies
  6 hounds
  2 bullfrog skeletons
  2 orc priests (D:4)
  A jelly (D:8)
  A centaur skeleton (D:6)
  A gnoll shaman (D:7)
  2 iguanas
  3 orc wizards
  2 hound skeletons (D:4)
  A hound zombie (D:5)
  A howler monkey skeleton (D:5)
  7 gnolls
  6 adders
  An ufetubus (D:3)
  A worm (D:5)
  5 dart slugs
  26 orcs
  5 endoplasms
  4 giant cockroaches
  9 goblins
  8 hobgoblins
  9 jackals
  4 quokkas
  7 ball pythons
  7 bats
  3 frilled lizards
  16 kobolds
  2 rats
183 creatures vanquished.

Notes
Turn   | Place    | Note
-------+----------+-------------------------------------------
     0 | D:1      | ytrimaz the Demonspawn Fighter began the quest for the Orb.
     0 | D:1      | Reached XP level 1. HP: 18/18 MP: 1/1
   493 | D:1      | Gained mutation: You regenerate magic rapidly. [demonic
                  | ancestry]
   493 | D:1      | Reached XP level 2. HP: 24/24 MP: 2/2
   628 | D:1      | Found a faded altar of an unknown god.
   813 | D:1      | Reached skill level 3 in Armour
  1362 | D:2      | Reached XP level 3. HP: 25/29 MP: 3/3
  1496 | D:2      | Noticed a scorpion
  1506 | D:2      | Killed a scorpion
  1507 | D:2      | Gained mutation: You have large cloven feet. [demonic
                  | ancestry]
  1507 | D:2      | Reached XP level 4. HP: 34/37 MP: 4/4
  2018 | D:2      | Found Owyjonamm's Distillery.
  2025 | D:2      | Bought a potion of degeneration for 12 gold pieces
  2178 | D:2      | Gained mutation: Your demonic aura sometimes causes spilled
                  | blood to erupt in flames. [demonic ancestry]
  2178 | D:2      | Reached XP level 5. HP: 35/36 MP: 5/5
  3470 | D:3      | Noticed a water moccasin
  3482 | D:3      | Reached skill level 4 in Armour
  3484 | D:3      | Killed a water moccasin
  3485 | D:3      | Gained mutation: Your demonic aura often causes spilled
                  | blood to erupt in flames. [demonic ancestry]
  3485 | D:3      | Reached XP level 6. HP: 40/48 MP: 6/6
  3964 | D:4      | Found a shimmering blue altar of Sif Muna.
  3978 | D:4      | Reached XP level 7. HP: 44/55 MP: 7/7
  4060 | D:4      | Found a glowing drain.
  4080 | Sewer    | Entered a sewer
  4237 | Sewer    | Noticed Pargi
  4243 | Sewer    | Killed Pargi
  4311 | D:4      | Reached skill level 5 in Armour
  4462 | D:4      | Reached skill level 5 in Fighting
  4763 | D:5      | Entered Level 5 of the Dungeon
  4881 | D:5      | Noticed Blork the orc
  4888 | D:5      | Killed Blork the orc
  4889 | D:5      | Reached skill level 5 in Axes
  5006 | D:5      | Gained mutation: You have hoof-like feet. [demonic
                  | ancestry]
  5006 | D:5      | Reached XP level 8. HP: 62/62 MP: 8/8
  5401 | D:5      | Reached skill level 6 in Armour
  5951 | D:6      | Found a staircase to the Ecumenical Temple.
  6773 | Temple   | Entered the Ecumenical Temple
  6890 | Temple   | Became a worshipper of Warmaster Okawaru
  7029 | D:7      | Noticed Prince Ribbit
  7065 | D:7      | HP: 1/64 [kobold brigand (3)]
  7070 | D:7      | Gained mutation: You have hooves in place of feet. [demonic
                  | ancestry]
  7070 | D:7      | Reached XP level 9. HP: 30/69 MP: 9/9
  7203 | D:7      | Killed Prince Ribbit
  7203 | D:7      | Reached * piety under Okawaru
  7204 | D:7      | Reached skill level 7 in Armour
  7250 | D:7      | Reached skill level 1 in Throwing
  7606 | D:7      | Reached skill level 1 in Invocations
  7614 | D:7      | HP: 2/72 [steam dragon] (3)]
  8019 | D:7      | HP: 3/72 [vampire (7)]
  8449 | D:7      | Found a basalt altar of Yredelemnul.
  8664 | D:7      | Reached skill level 8 in Armour
  8963 | D:8      | Noticed a two-headed ogre
  8970 | D:8      | HP: 3/72 [two-headed ogre (19)]
  8971 | D:8      | Killed a two-headed ogre
  8971 | D:8      | Reached ** piety under Okawaru
  8972 | D:8      | Gained mutation: When hurt, damage is shared between your
                  | health and your magic reserves. [demonic ancestry]
  8972 | D:8      | Reached XP level 10. HP: 3/79 MP: 9/12
 10290 | D:8      | Noticed Grum
 10292 | D:8      | Noticed Psyche
 10297 | D:8      | Reached *** piety under Okawaru
 10300 | D:8      | Killed Grum
 10305 | D:8      | Killed Psyche
 10615 | D:9      | HP: 3/80 [orc warrior (13)]
 10616 | D:9      | HP: 1/80 [orc wizard/magic dart (2)]
 10618 | D:9      | Reached skill level 9 in Armour
 10619 | D:9      | Demolished by an orc warrior

Illustrated notes

Levels and vault maps discovered:
D:1:      psy_arrival_radial01, layout_loops_corners,
          shapermc_ecumenical_altar_acropolis, minmay_cupped
D:2:      layout_loops_ring, serial_shops,
          nicolae_shop_temple_entry_statues_fountains, minmay_misc_feat_alley,
          nicolae_figureground_pulse
D:3:      minmay_octagon_keep, layout_loops_ring, feat_on_display
D:4:      layout_basic, mainiacjoe_overflow_cross_hatched,
          cheibrodos_sewer_entry_sluice, chequers_serial_rivers_micro_a
D:5:      layout_cave_pools, minmay_increasing_density, uniq_blork_the_orc
D:6:      layout_basic, minmay_temple_entry_drinking_statues
D:7:      layout_basic, lemuel_crystal_altar, dk_rats_in_the_wall,
          uniq_prince_ribbit1
D:8:      layout_basic, minivault_11, bh_walls_and_bars, uniq_grum, uniq_psyche
D:9:      layout_stronghold, gammafunk_temple_overflow_wave
Temple:   mainiacjoe_temple_coin_purse

Skill      XL: |  1  2  3  4  5  6  7  8  9 10 |
---------------+-------------------------------+-----
Armour         | 3 4 5 6 8 9 |  9.0
Shields        | 3 4 |  4.0
Axes           | 2 3 4 5 6 7 8 |  8.1
Fighting       | 4 5 6 7 8 |  8.0
Throwing       | 1 |  1.4
Invocations    | 3 4 |  4.2

Action                   |  1- 3 |  4- 6 |  7- 9 | 10-12 || total
-------------------------+-------+-------+-------+-------++-------
Melee: War axe           |    75 |   154 |   216 |    52 ||   497
       Kick              |       |    38 |    72 |    18 ||   128
Throw: Dart              |     6 |     1 |       |       ||     7
Invok: Heroism           |       |       |     4 |     1 ||     5
  Use: Scroll            |     1 |     4 |    11 |     1 ||    17
       Potion            |       |     1 |     5 |       ||     6
Armor: Scale mail        |    52 |   105 |   147 |    34 ||   338
Dodge: Dodged            |    39 |    91 |   154 |    24 ||   308
Block: Buckler           |    18 |    55 |    75 |    12 ||   160

Table legend: (Time is in decaauts)
 A = Elapsed time spent in this place.
 B = Non-inter-level travel time spent in this place.
 C = Inter-level travel time spent in this place.
 D = Time resting spent in this place.
 E = Time spent auto-exploring this place.
 F = Levels seen in this place.
 G = Mean time per level.
                   A        B        C        D        E       F      G
               +--------+--------+--------+--------+--------+-----+--------+
         Total |  10762 |  10366 |    396 |   1583 |   7258 |  11 |  978.4 |
       Dungeon |  10445 |  10077 |    368 |   1583 |   7065 |   9 | 1160.6 |
        Temple |    127 |     99 |     28 |      0 |     84 |   1 |  127.0 |
         Sewer |    188 |    188 |      0 |      0 |    109 |   1 |  188.0 |
               +--------+--------+--------+--------+--------+-----+--------+

Top non-repeatable levels by time:
     D:6: 1871 daAuts
     D:8: 1708 daAuts
     D:1: 1372 daAuts
     D:2: 1371 daAuts
     D:7: 1370 daAuts
     D:4: 1001 daAuts
     D:3: 930 daAuts
     D:5: 737 daAuts
   Sewer: 188 daAuts
  Temple: 127 daAuts
     D:9: 82 daAuts
